 Dungeon Crawl Stone Soup version 0.31-a0-234-gad7ace16ef (webtiles) character file.

Game seed: 3919110320469660580

189 qw the Shooter (level 5, -2/31 HPs)
             Began as a Gargoyle Hexslinger on July 9, 2023.
             Slain by a black bear (11 damage)
             ... on level 4 of the Dungeon.
             The game lasted 00:01:09 (2604 turns).

qw the Shooter (Gargoyle Hexslinger)                Turns: 2604, Time: 00:01:09

Health: -2/31      AC: 14    Str: 12    XL:     5   Next: 68%
Magic:  6/6        EV: 10    Int: 13    God:
Gold:   197        SH:  0    Dex: 14    Spells: 5/6 levels left

rFire   . . .        Y - +1 sling
rCold   . . .        (no shield)
rNeg    + . .        a - +0 ring mail
rPois   inf          (no helmet)
rElec   +            (no cloak)
rCorr   .            (no gloves)
SInv    +            f - +0 pair of boots
Will    .....        (no amulet)
Stlth   +            d - +4 ring of protection
HPRegen 0.25/turn    h - ring of see invisible
MPRegen 0.10/turn

%: no passive effects
@: no status effects
A: sickness immunity, AC +4, negative energy resistance 1, electricity
resistance, torment resistance 1, petrification resistance
a: no special abilities


You were on level 4 of the Dungeon.
You visited 1 branch of the dungeon, and saw 4 of its levels.

You collected 197 gold pieces.


Innate Abilities, Weirdness & Mutations

You are immune to sickness and miasma.
Your stone body is resilient. (AC +4)
You are immune to poison.
You resist negative energy. (rN+)
You are resistant to electric shocks. (rElec)
You are resistant to unholy torment.
You are immune to petrification.


   Skills:
 + Level 2.7 Fighting
 - Level 5.0 Ranged Weapons
 - Level 1.0 Armour
 - Level 1.5 Dodging
 - Level 1.0 Spellcasting
 - Level 2.6 Hexes


You had 5 spell levels left.
You knew the following spells:

 Your Spells              Type           Power      Damage    Failure   Level
a - Slow                  Hex            28%        N/A       22%         1

Your spell library contained the following spells:

 Spells                   Type           Power      Damage    Failure   Level
 Inner Flame              Hex/Fire       4%         N/A       73%         3
 Portal Projectile        Hex/Tloc       8%         N/A       73%         3
 Cause Fear               Hex            3%         N/A       91%         4

Inventory:

Hand Weapons
 Y - a +1 sling (weapon)
Armour
 a - a +0 ring mail (worn)
 f - a +0 pair of boots (worn)
Jewellery
 d - a +4 ring of protection (left hand)
 h - a ring of see invisible (right hand)
 j - a ring of protection from fire
Scrolls
 k - 3 scrolls of identify
Potions
 b - a potion of enlightenment
 c - a potion of cancellation {unknown}
 e - a potion of degeneration {unknown}
 g - 2 potions of curing
 i - a potion of heal wounds {unknown}

Dungeon Overview and Level Annotations

Branches:
Dungeon (4/15)
 Temple: D:4-7

Altars:

Shops:
D:1 :


Message History

The orc wizard closely misses you. The orc hits you but does no damage.
You shoot a sling bullet. The sling bullet hits the black bear.
The black bear is severely wounded.
The orc hits you with a +0 flail. The black bear barely misses you.
The black bear claws you but does no damage.
The black bear claws you.
The orc wizard hits you but does no damage.
The orc closely misses you. The orc hits you with a +0 heavy flail.
You shoot a sling bullet.
The sling bullet barely misses the black bear.
The orc completely misses you.
The black bear bites you but does no damage.
The black bear claws you but does no damage.
The black bear barely misses you. The orc closely misses you.
The orc wizard hits you but does no damage.
The orc closely misses you. The black bear closely misses you.
The black bear claws you but does no damage. x2
The orc wizard barely misses you. The orc hits you but does no damage.
You shoot a sling bullet.
The sling bullet barely misses the black bear.
The orc closely misses you.
The black bear bites you but does no damage.
The black bear claws you but does no damage. x2
The orc wizard barely misses you. The orc hits you but does no damage. x2
You shoot a sling bullet. The sling bullet hits the black bear.
The black bear is almost dead.
The orc closely misses you.
The black bear goes berserk!
The orc hits you but does no damage.
The orc wizard hits you but does no damage.
The orc wizard gestures wildly while chanting.
The orc wizard flickers and vanishes for a moment.
The orc hits you but does no damage.
You shoot a sling bullet. The sling bullet hits the black bear!
The black bear is almost dead.
The black bear bites you but does no damage.
The black bear claws you but does no damage. x2
The orc closely misses you. The orc barely misses you.
The orc wizard closely misses you. The orc hits you but does no damage.
The black bear bites you!
You die...

...# ..##
.........[...... .<##
.....[.####..... ..#
....... #.....# .
..#..#.....#...# ..
.......#...#.##. #..#
##..#...#.##.....
...$.###...#.##......#..
#..ho.##......#...#).
##oo@o....#...#.##...
#.#.###o....#.###.....#
..........##......#...#
....o.........#...#.#.#
.o...###......#.##.....
o...# ##...##.......##
.#o. ###.....#.##### #.
......>....#.# # .
.........##..#


You could see a black bear (berserk), an orc wizard (invisible) and 4 orcs.

Vanquished Creatures
  3 iguanas (D:4)
  3 adders
  3 dart slugs
  5 orcs
  4 ball pythons (D:1)
  9 endoplasms
  4 giant cockroaches
  4 goblins
  7 hobgoblins
  6 jackals (D:1)
  6 quokkas
  3 bats
  3 frilled lizards
  3 kobolds
  6 rats
69 creatures vanquished.

Notes
Turn   | Place    | Note
-------+----------+-------------------------------------------
     0 | D:1      | qw the Gargoyle Hexslinger began the quest for the Orb.
     0 | D:1      | Reached XP level 1. HP: 12/12 MP: 2/2
     0 | D:1      | 0 ||| qw: Version: 0.3-a-51-g015441d
     0 | D:1      | 0 ||| qw: Game counter: 4312
     0 | D:1      | 0 ||| qw: Melee chars always use a shield: true
     0 | D:1      | 0 ||| qw: God list: Okawaru
     0 | D:1      | 0 ||| qw: Allow faded altars: false
     0 | D:1      | 0 ||| qw: Do Orc after clearing Dungeon:15 true
     0 | D:1      | 0 ||| qw: Do second Lair branch before Depths: true
     0 | D:1      | 0 ||| qw: Lair rune preference: random
     0 | D:1      | 0 ||| qw: Goals: Normal
     0 | D:1      | 0 ||| PLANNING D:1-11
     2 | D:1      | 2 ||| Stepping ~*~*~tactically~*~*~ (water).
    74 | D:1      | Reached XP level 2. HP: 16/16 MP: 3/3
   104 | D:1      | Reached skill level 3 in Ranged Weapons
   188 | D:1      | Reached XP level 3. HP: 21/21 MP: 4/4
   320 | D:1      | Found Zurij's Book Boutique.
   719 | D:1      | 719 ||| UPGRADING to +0 pair of boots.
   724 | D:1      | 724 ||| UPGRADING to +0 leather armour.
   734 | D:1      | 734 ||| DROPPING +0 robe.
   735 | D:1      | 735 ||| READING scroll labelled IRAF ZOIRCHOF.
   736 | D:1      | 736 ||| READING scroll labelled YLELIUN KUMUE.
   737 | D:1      | 737 ||| READING scroll labelled YLOSET YVACS.
   738 | D:1      | 738 ||| DROPPING scroll of poison.
   767 | D:2      | Found a faded altar of an unknown god.
  1074 | D:2      | Identified the +6 dagger "Dorajyepp" {flame, rC+ Dex+4}
  1098 | D:2      | Reached XP level 4. HP: 26/26 MP: 5/5
  1407 | D:2      | 1407 ||| UPGRADING to +0 ring mail.
  1417 | D:2      | 1417 ||| DROPPING +0 leather armour.
  1461 | D:3      | Identified the staff of Unreason {Fly rPois rF- Str+2
                  | Poison}
  1475 | D:3      | Reached skill level 1 in Armour
  1715 | D:3      | Reached skill level 4 in Ranged Weapons
  2137 | D:3      | 2137 ||| UPGRADING to +4 ring of protection.
  2138 | D:3      | 2138 ||| UPGRADING to ring of see invisible.
  2139 | D:3      | 2139 ||| DROPPING +6 ring of intelligence.
  2140 | D:3      | 2140 ||| READING scroll labelled YLOFIRPH NAPRAA.
  2141 | D:3      | 2141 ||| DRINKING 2 viscous green potions.
  2142 | D:3      | 2142 ||| DRINKING 2 murky inky potions.
  2256 | D:4      | Reached XP level 5. HP: 30/30 MP: 6/6
  2359 | D:4      | Reached skill level 5 in Ranged Weapons
  2590 | D:4      | Noticed a black bear
  2591 | D:4      | 2591 ||| Stepping ~*~*~tactically~*~*~ (outnumbered).
  2604 | D:4      | Slain by a black bear

Levels and vault maps discovered:
D:1:      ldierk_walled_garden_2, layout_basic, serial_shops,
          nicolae_shop_hallway_stairs, minmay_close_crescents
D:2:      layout_basic, ebering_ecumenical_altar_sacrificial,
          chequers_serial_rivers_small_3
D:3:      layout_basic
D:4:      layout_cave_pools, hangedman_decor_points

Skill      XL: |  1  2  3  4  5 |
---------------+----------------+-----
Ranged Weapons | 3 4 5 |  5.0
Fighting       | 2 |  2.7
Armour         | 1 |  1.0
Dodging        | |  1.5
Spellcasting   | |  1.0
Hexes          | |  2.6

Action                     |  1- 3 |  4- 6 || total
---------------------------+-------+-------++-------
   Fire: Sling             |   154 |   137 ||   291
    Use: Scroll            |     3 |     1 ||     4
         Potion            |       |     2 ||     2
 Armour: Robe              |    32 |       ||    32
         Leather armour    |     6 |       ||     6
         Ring mail         |       |    78 ||    78
  Dodge: Dodged            |    43 |    80 ||   123

Table legend:
 A = Non-vault XP
 B = Vault XP
 C = Vault XP percentage of total XP
 D = Non-vault monster count
 E = Vault monster count
 F = Vault count percentage of total count
                 A         B        C        D         E       F
            +---------+---------+-------+---------+---------+-------
      Total |     264 |       6 |   2.2 |      65 |       4 |   5.8
            +---------+---------+-------+---------+---------+-------
        D:1 |      57 |       6 |   9.5 |      30 |       4 |  11.8
        D:2 |      24 |       0 |   0.0 |      13 |       0 |   0.0
        D:3 |      33 |       0 |   0.0 |      11 |       0 |   0.0
        D:4 |     150 |       0 |   0.0 |      11 |       0 |   0.0
            +---------+---------+-------+---------+---------+-------
